cohdb
Replays
Latest Replays
All Replays
Popular Replays
Top Player Replays
Match Explorer
How It Works
Community
CoH3 Stats
Reddit
Sign in to upload your games and track your stats! →
Sign in with Steam
Match 42720807
Unlisted
Match 42720807
Overview
Messages
Build Orders
End
Selects Heavy Weapons
Construct Weapon Support Center
Engineer Squad
M1919 Machine Gun Team
Scout Squad
Bazooka Squad
Infantry Support Center
.30 cal Machine Gun
Sniper
Selects M2HB .50cal Heavy Machine Gun
M3 Armored Personnel Carrier
Construct Motor Pool
Chimaera _♧_♤
Lord Grim
ManFrau
Holfy92
Jadieu
El Pollo
俄罗斯头套批发
GrayFox
0
0
Comments
sign in to comment!
No comments posted yet!